MLB
MINNESOTA TWINS @ NEW YORK YANKEES
03/28/2099
 
TOP OF THE 1ST
Minnesota Twins batting - Pitching for New York Yankees : RHP Eddy Alvarez
Pitching: RHP Eddy Alvarez
Batting: SHB William Maki 0-0: Foul Ball, location: 7LSF
0-1: Foul Ball, location: 7LDF
0-2: Fly out, F2 (Popup, 2RF, EV 94.4 MPH)
Batting: RHB Dennis Jackson 0-0: SINGLE (Line Drive, 6MD, EV 98.1 MPH)
Batting: RHB Bill Widby 0-0: Ball
1-0: Called Strike
1-1: Grounds into double play, 6-4-3 (Groundball, 6, EV 103.1 MPH)
Top of the 1st over - 0 runs, 1 hit, 0 errors, 0 left on base; Minnesota 0 - New York 0
BOTTOM OF THE 1ST
New York Yankees batting - Pitching for Minnesota Twins : RHP Orlando Basurto
Pitching: RHP Orlando Basurto
Batting: RHB Carlos Jeronimo 0-0: Ball
1-0: Called Strike
1-1: Ball
2-1: Fly out, F9 (Line Drive, 89M, EV 88.1 MPH)
Batting: RHB Zach Sterling 0-0: Ball
1-0: Ball
2-0: Foul Ball, location: 3DF
2-1: Ground out 6-3 (Groundball, 6, EV 86.9 MPH)
Batting: RHB Brandon Thomas 0-0: Ball
1-0: SINGLE (Flyball, 9S, EV 88.1 MPH)
Batting: LHB Jose Guevara 0-0: Called Strike
Brandon Thomas steals 2nd base
0-1: Called Strike
0-2: Ball
1-2: 2-RUN HOME RUN (Flyball, 89XD, EV 104.4 MPH), Distance : 414 ft
Batting: SHB Seth Hardenbrook 0-0: Ball
1-0: Foul Ball, location: 2F
1-1: Ground out 1-3 (Groundball, 13S, EV 65.0 MPH)
Bottom of the 1st over - 2 runs, 2 hits, 0 errors, 0 left on base; Minnesota 0 - New York 2
TOP OF THE 2ND
Minnesota Twins batting - Pitching for New York Yankees : RHP Eddy Alvarez
Batting: LHB Emilio Gonzales 0-0: Swinging Strike
0-1: Ball
1-1: Called Strike
1-2: Ball
2-2: Strikes out swinging
Batting: LHB Jay Molteni 0-0: Ball
1-0: Ball
2-0: Ball
3-0: Called Strike
3-1: Foul Ball, location: 2F
3-2: SINGLE (Line Drive, 34D, EV 101.3 MPH)
Batting: SHB Dan Mayes 0-0: Ball
1-0: Ball
2-0: DOUBLE (Line Drive, 89M, EV 90.6 MPH)
Jay Molteni to third
Batting: LHB Dan Barker 0-0: Ball
1-0: Called Strike
1-1: Ball
2-1: Ball
3-1: Called Strike
3-2: Strikes out looking
Batting: SHB Nick White 0-0: Ball
1-0: Called Strike
1-1: Ground out 4-3 (Groundball, 4MD, EV 99.4 MPH)
Top of the 2nd over - 0 runs, 2 hits, 0 errors, 2 left on base; Minnesota 0 - New York 2
BOTTOM OF THE 2ND
New York Yankees batting - Pitching for Minnesota Twins : RHP Orlando Basurto
Batting: LHB Ryan McCullough 0-0: Foul Ball, location: 25F
0-1: Ball
1-1: Ground out U3 (Groundball, 3, EV 90.6 MPH)
Batting: RHB Aaron Comeaux 0-0: Ground out 5-3 (Groundball, 56, EV 105.6 MPH)
Batting: RHB Jeff Gerdom 0-0: Called Strike
0-1: Fly out, F9 (Flyball, 9S, EV 73.1 MPH)
Bottom of the 2nd over - 0 runs, 0 hits, 0 errors, 0 left on base; Minnesota 0 - New York 2
TOP OF THE 3RD
Minnesota Twins batting - Pitching for New York Yankees : RHP Eddy Alvarez
Batting: LHB Chris Armstrong 0-0: Ball
1-0: Ball
2-0: Foul Ball, location: 2LF
2-1: SINGLE (Groundball, 4MD, EV 95.0 MPH)
Batting: SHB William Maki 0-0: SINGLE (Line Drive, 8RS, EV 90.6 MPH)
Chris Armstrong to second
Batting: RHB Dennis Jackson 0-0: Called Strike
0-1: Bunted foul
0-2: SINGLE (Line Drive, 9S, EV 89.4 MPH)
Chris Armstrong to third
William Maki to second
Batting: RHB Bill Widby 0-0: Ball
1-0: Ball
2-0: Foul Ball, location: 9LSF
2-1: Swinging Strike
2-2: Strikes out swinging
Batting: LHB Emilio Gonzales 0-0: Ball
1-0: Ball
2-0: Ball
3-0: Called Strike
3-1: Fly out, F8 (Flyball, 78M, EV 91.9 MPH)
Runner from 3rd tags up, SCORES, throw by CF
Batting: LHB Jay Molteni 0-0: Ball
1-0: Called Strike
1-1: Ball
2-1: Called Strike
2-2: Ball
3-2: Strikes out swinging
Top of the 3rd over - 1 run, 3 hits, 0 errors, 2 left on base; Minnesota 1 - New York 2
BOTTOM OF THE 3RD
New York Yankees batting - Pitching for Minnesota Twins : RHP Orlando Basurto
Batting: SHB Chris Clark 0-0: Hit by Pitch
Batting: RHB Carlos Jeronimo 0-0: Swinging Strike
0-1: Foul Ball, location: 9LDF
0-2: Ball
1-2: Ball
2-2: Foul Ball, location: 2F
2-2: SINGLE (Line Drive, 8RS, EV 94.4 MPH)
Chris Clark to second
Runner from 2nd tries for 3rd, SAFE, throw by CF made to third
Batting: RHB Zach Sterling 0-0: Ball
1-0: Foul Ball, location: 2F
1-1: Ball
2-1: Ball
3-1: Called Strike
3-2: Grounds into double play, 6-4-3 (Groundball, 6S, EV 77.5 MPH)
Chris Clark scores
Batting: RHB Brandon Thomas 0-0: Called Strike
0-1: Ball
1-1: Reached on error, E5 (Groundball, 56, EV 88.1 MPH)
Batting: LHB Jose Guevara 0-0: Called Strike
0-1: Ball
1-1: Called Strike
1-2: Strikes out swinging
Bottom of the 3rd over - 1 run, 1 hit, 1 error, 1 left on base; Minnesota 1 - New York 3
TOP OF THE 4TH
Minnesota Twins batting - Pitching for New York Yankees : RHP Eddy Alvarez
Batting: SHB Dan Mayes 0-0: Ball
1-0: Ball
2-0: SINGLE (Line Drive, 56D, EV 95.6 MPH)
Batting: LHB Dan Barker 0-0: Swinging Strike
0-1: Swinging Strike
0-2: Ball
1-2: Foul Ball, location: 2F
1-2: Strikes out swinging
Batting: SHB Nick White 0-0: Ball
1-0: Called Strike
1-1: Fly out, F8 (Flyball, 78M, EV 94.4 MPH)
Batting: LHB Chris Armstrong 0-0: Foul Ball, location: 7LDF
0-1: Ball
1-1: Ball
2-1: Foul Ball, location: 2F
2-2: Strikes out swinging
Top of the 4th over - 0 runs, 1 hit, 0 errors, 1 left on base; Minnesota 1 - New York 3
BOTTOM OF THE 4TH
New York Yankees batting - Pitching for Minnesota Twins : RHP Orlando Basurto
Batting: SHB Seth Hardenbrook 0-0: Ball
1-0: Foul Ball, location: 7LDF
1-1: SINGLE (Groundball, 4D, EV 95.6 MPH)
Batting: LHB Ryan McCullough 0-0: Ball
1-0: Ball
2-0: Swinging Strike
2-1: Ball
3-1: Base on Balls
Seth Hardenbrook to second
Batting: RHB Aaron Comeaux 0-0: Ball
1-0: Ball
2-0: Ball
3-0: Base on Balls
Seth Hardenbrook to third
Ryan McCullough to second
Batting: RHB Jeff Gerdom 0-0: Ball
1-0: Called Strike
1-1: Ball
2-1: Ball
3-1: Fly out, F8 (Flyball, 78M, EV 81.9 MPH)
Runner from 3rd tags up, OUT at HOME! 8-2
Ryan McCullough to third
Aaron Comeaux to second
Batting: SHB Chris Clark 0-0: Fly out, F8 (Flyball, 89D, EV 110.0 MPH)
Bottom of the 4th over - 0 runs, 1 hit, 0 errors, 2 left on base; Minnesota 1 - New York 3
TOP OF THE 5TH
Minnesota Twins batting - Pitching for New York Yankees : RHP Eddy Alvarez
Pitching: RHP Kevon Cooper
Now at 1B: Matt Foulds
Now in LF: Carlos Jeronimo
Now in CF: Bobby Brown
Now in RF: Zach Sterling
Batting: SHB William Maki 0-0: Ball
1-0: Ball
2-0: Ball
3-0: Called Strike
3-1: Called Strike
3-2: Base on Balls
Batting: RHB Dennis Jackson 0-0: Hit by Pitch
William Maki to second
Batting: RHB Bill Widby 0-0: Foul Ball, location: 2F
0-1: Foul Ball, location: 2F
0-2: Foul Ball, location: 2F
0-2: Ball
1-2: Fly out, F8 (Flyball, 8LM, EV 88.8 MPH)
Pinch Hitting: RHB Rogelio Rivera 0-0: Ball
1-0: Foul Ball, location: 3F
Balk!
William Maki to third
Dennis Jackson to second
1-1: SINGLE (Line Drive, 7LS, EV 88.1 MPH)
William Maki scores
Dennis Jackson to third
Batting: LHB Jay Molteni 0-0: Called Strike
0-1: Ball
1-1: Foul Ball, location: 3F
1-2: Strikes out looking
Pinch Hitting: RHB David Bazley 0-0: Called Strike
0-1: Ground out U3 (Groundball, 3, EV 91.9 MPH)
Top of the 5th over - 1 run, 1 hit, 0 errors, 2 left on base; Minnesota 2 - New York 3
BOTTOM OF THE 5TH
New York Yankees batting - Pitching for Minnesota Twins : RHP Orlando Basurto
Now at C: Jake Landen
Now at 1B: Jay Molteni
Now at 2B: Joe Looby
Now at 3B: Rogelio Rivera
Now in LF: David Bazley
Batting: RHB Carlos Jeronimo 0-0: Ball
1-0: Ball
2-0: Ball
3-0: Base on Balls
Pinch Hitting: LHB Ricky Delgado 0-0: Called Strike
0-1: Fly out, F5 (Popup, 5SF, EV 71.3 MPH)
Batting: RHB Brandon Thomas 0-0: Called Strike
Carlos Jeronimo is caught stealing 2nd base 2-4
0-1: Ball
1-1: Ball
2-1: SINGLE (Flyball, 34D, EV 88.1 MPH)
Batting: LHB Bobby Brown 0-0: Ground out 4-3 (Groundball, 34D, EV 105.6 MPH)
Bottom of the 5th over - 0 runs, 1 hit, 0 errors, 1 left on base; Minnesota 2 - New York 3
TOP OF THE 6TH
Minnesota Twins batting - Pitching for New York Yankees : RHP Kevon Cooper
Now at 2B: Cedric Tracy
Now at SS: Chris Clark
Now in LF: David Adler
Now in RF: Carlos Jeronimo
Pinch Hitting: RHB Greg Schuler 0-0: DOUBLE (Line Drive, 8RXD, EV 106.9 MPH)
Batting: RHB Joe Looby 0-0: SINGLE (Flyball, 56D, EV 90.6 MPH)
Greg Schuler to third
Batting: RHB Jake Landen 0-0: Ball
1-0: Called Strike
1-1: Foul Ball, location: 2F
1-2: Foul Ball, location: 7LMF
1-2: Ball
2-2: Foul Ball, location: 3SF
2-2: Ball
3-2: Fly out, F7 (Flyball, 78M, EV 89.4 MPH)
Runner from 3rd tags up, SCORES, throw by LF
Batting: SHB William Maki 0-0: Ball
1-0: Called Strike
1-1: Foul Ball, location: 2F
1-2: Fielders Choice at 2nd, 1-6 (Groundball, 34S, EV 68.8 MPH)
Batting: RHB Dennis Jackson 0-0: Called Strike
0-1: Ball
1-1: Ball
2-1: Foul Ball, location: 2F
2-2: Strikes out swinging
Top of the 6th over - 1 run, 2 hits, 0 errors, 1 left on base; Minnesota 3 - New York 3
BOTTOM OF THE 6TH
New York Yankees batting - Pitching for Minnesota Twins : RHP Orlando Basurto
Pitching: RHP Danny Nunez
Now in RF: Greg Schuler
Pinch Hitting: LHB Jesus Canales 0-0: Ball
1-0: Fly out, F9 (Flyball, 89M, EV 90.0 MPH)
Batting: RHB Matt Foulds 0-0: Ball
1-0: DOUBLE (Line Drive, 8LXD, EV 105.6 MPH)
Batting: RHB Cedric Tracy 0-0: Called Strike
0-1: Ball
1-1: Swinging Strike
1-2: Foul Ball, location: 9LDF
1-2: Strikes out swinging
Batting: RHB Jeff Gerdom 0-0: DOUBLE (Flyball, 8RXD, EV 101.3 MPH)
Matt Foulds scores
Pinch Hitting: LHB Aaron Bruckerhoff 0-0: Called Strike
0-1: Ball
1-1: Called Strike
1-2: Ball
2-2: Foul Ball, location: 2F
2-2: Ball
3-2: SINGLE (Groundball, 4, EV 85.6 MPH)
Jeff Gerdom to third
Runner from 3rd tries for Home, SAFE, throw by RF to home
Batting: RHB Carlos Jeronimo 0-0: Called Strike
0-1: Ball
1-1: Ball
2-1: Ball
3-1: Foul Ball, location: 2F
3-2: Fly out, F9 (Line Drive, 9, EV 99.4 MPH)
Bottom of the 6th over - 2 runs, 3 hits, 0 errors, 1 left on base; Minnesota 3 - New York 5
TOP OF THE 7TH
Minnesota Twins batting - Pitching for New York Yankees : RHP Kevon Cooper
Pitching: LHP Jaylen Cox
Now at 2B: Aaron Bruckerhoff
Now at 3B: Cedric Tracy
Now at SS: Jesus Canales
Batting: RHB Dan Canseco 0-0: Ball
1-0: Fly out, F9 (Flyball, 9, EV 92.5 MPH)
Batting: RHB Rogelio Rivera 0-0: Called Strike
0-1: Called Strike
0-2: Ball
1-2: Ball
2-2: Ball
3-2: Fly out, F4 (Popup, 3S, EV 79.4 MPH)
Batting: LHB Jay Molteni 0-0: Called Strike
0-1: Called Strike
0-2: Ball
1-2: Ball
2-2: Foul Ball, location: 2F
2-2: Ground out U3 (Groundball, 34, EV 79.4 MPH)
Top of the 7th over - 0 runs, 0 hits, 0 errors, 0 left on base; Minnesota 3 - New York 5
BOTTOM OF THE 7TH
New York Yankees batting - Pitching for Minnesota Twins : RHP Danny Nunez
Pitching: RHP Preston Berrie
Batting: LHB David Adler 0-0: Called Strike
0-1: Called Strike
0-2: Strikes out looking
Batting: SHB Ethan Gavin 0-0: Called Strike
0-1: Swinging Strike
0-2: SINGLE (Line Drive, 4, EV 68.1 MPH)
Batting: LHB Bobby Brown 0-0: Ball
1-0: Foul Ball, location: 23F
1-1: Foul Ball, location: 2F
1-2: Strikes out swinging
Batting: LHB Jesus Canales 0-0: Called Strike
0-1: Ball
1-1: Ball
2-1: Ball
3-1: Swinging Strike
3-2: Strikes out looking
Bottom of the 7th over - 0 runs, 1 hit, 0 errors, 1 left on base; Minnesota 3 - New York 5
TOP OF THE 8TH
Minnesota Twins batting - Pitching for New York Yankees : LHP Jaylen Cox
Batting: RHB David Bazley 0-0: Swinging Strike
0-1: Ball
1-1: Ball
2-1: Foul Ball, location: 3DF
2-2: Fly out, F9 (Flyball, 89M, EV 96.9 MPH)
Batting: RHB Greg Schuler 0-0: Ball
1-0: Foul Ball, location: 9LMF
1-1: Ball
2-1: Called Strike
2-2: Ground out 5-3 (Groundball, 5, EV 100.6 MPH)
Batting: RHB Joe Looby 0-0: Swinging Strike
0-1: Ball
1-1: Called Strike
1-2: Ball
2-2: Foul Ball, location: 2F
2-2: Foul Ball, location: 2F
2-2: Ball
3-2: Single, Error in OF, E7, batter to second base (Line Drive, 78S, EV 103.1 MPH)
Batting: RHB Jake Landen 0-0: Foul Ball, location: 2F
0-1: Ball
1-1: Ball
2-1: Called Strike
2-2: Fly out, F9 (Line Drive, 89S, EV 91.9 MPH)
Top of the 8th over - 0 runs, 1 hit, 1 error, 1 left on base; Minnesota 3 - New York 5
BOTTOM OF THE 8TH
New York Yankees batting - Pitching for Minnesota Twins : RHP Preston Berrie
Pitching: RHP Nick Bruhl
Batting: RHB Matt Foulds 0-0: Called Strike
0-1: Swinging Strike
0-2: Fly out, F7 (Flyball, 7, EV 93.1 MPH)
Batting: RHB Cedric Tracy 0-0: Foul Ball, location: 2F
0-1: Ball
1-1: Ball
2-1: Ball
3-1: SINGLE (Line Drive, 78S, EV 101.9 MPH)
Batting: RHB Jeff Gerdom 0-0: Grounds into double play, 5-4-3 (Groundball, 56, EV 81.3 MPH)
Bottom of the 8th over - 0 runs, 1 hit, 0 errors, 0 left on base; Minnesota 3 - New York 5
TOP OF THE 9TH
Minnesota Twins batting - Pitching for New York Yankees : LHP Jaylen Cox
Pitching: RHP Luis Ramos
Batting: SHB William Maki 0-0: Called Strike
0-1: SINGLE (Line Drive, 89S, EV 110.0 MPH)
Batting: RHB Dennis Jackson 0-0: Ball
1-0: Ball
2-0: Swinging Strike
2-1: Called Strike
2-2: Ball
3-2: Base on Balls
William Maki to second
Batting: RHB Dan Canseco 0-0: Ball
1-0: Called Strike
1-1: Fly out, F2 (Popup, 23F, EV 84.4 MPH)
Batting: RHB Rogelio Rivera 0-0: Swinging Strike
0-1: Grounds into double play, 5-4-3 (Groundball, 5, EV 89.4 MPH)
Top of the 9th over - 0 runs, 1 hit, 0 errors, 1 left on base; Minnesota 3 - New York 5
Thursday, May 2nd , 2024 - OOTP Baseball 24.11 Build 85